 Dungeon Crawl Stone Soup version 0.31-a0-167-g1c394c0614 (webtiles) character file.

Game seed: 14321874587691871389

18 qw the Shooter (level 2, -1/17 HPs)
             Began as a Gargoyle Hunter on June 14, 2023.
             Slain by a gnoll
             ... wielding a +0 spear
              (6 damage)
             ... on level 1 of the Dungeon.
             The game lasted 00:00:10 (438 turns).

qw the Shooter (Gargoyle Hunter)                     Turns: 438, Time: 00:00:11

Health: -1/17      AC:  5    Str: 14    XL:     2   Next: 70%
Magic:  2/2        EV: 11    Int:  9    God:
Gold:   23         SH:  0    Dex: 13    Spells: 1/1 levels left

rFire   . . .        a - +0 shortbow
rCold   . . .        (shield currently unavailable)
rNeg    + . .        c - +0 leather armour
rPois   inf          (no helmet)
rElec   +            (no cloak)
rCorr   .            (no gloves)
SInv    .            (no boots)
Will    .....        (no amulet)
Stlth   +            (no ring)
HPRegen 0.22/turn    (no ring)
MPRegen 0.08/turn

%: no passive effects
@: no status effects
A: sickness immunity, AC +2, negative energy resistance 1, electricity
resistance, torment resistance 1, petrification resistance
a: no special abilities


You were on level 1 of the Dungeon.
You visited 1 branch of the dungeon, and saw 1 of its levels.

You collected 23 gold pieces.


Innate Abilities, Weirdness & Mutations

You are immune to sickness and miasma.
Your stone body is resilient. (AC +2)
You are immune to poison.
You resist negative energy. (rN+)
You are resistant to electric shocks. (rElec)
You are resistant to unholy torment.
You are immune to petrification.


   Skills:
 - Level 2.1 Fighting
 + Level 4.7 Ranged Weapons
 - Level 1.5 Dodging
 - Level 1.1 Stealth


You had one spell level left.
You didn't know any spells.
Your spell library was empty.

Inventory:

Hand Weapons
 a - a +0 shortbow (weapon)
Armour
 c - a +0 leather armour (worn)
 g - a +0 ring mail
Scrolls
 b - a scroll of butterflies
 e - 2 scrolls of teleportation {unknown}
 f - a scroll of identify {unknown}
Potions
 d - 2 potions of attraction {unknown}

Dungeon Overview and Level Annotations

Branches:
Dungeon (1/15)

Altars:


Message History

You shoot an arrow. The arrow barely misses the bat.
The bat misses you.
You shoot an arrow. The arrow barely misses the bat.
The bat barely misses you. The bat misses you.
You shoot an arrow. The arrow hits the bat.
You kill the bat!
A frilled lizard comes into view.
Enter note:
Enter note: You shoot an arrow.
The arrow hits the frilled lizard but does no damage.
The frilled lizard hisses angrily.
You shoot an arrow. The arrow misses the frilled lizard.
A gnoll comes into view. It is wielding a +0 spear.
You shoot an arrow.
The arrow closely misses the frilled lizard.
The arrow hits the gnoll.
The gnoll is lightly wounded.
You shoot an arrow.
The arrow barely misses the frilled lizard.
You shoot an arrow. The arrow misses the frilled lizard.
You shoot an arrow.
The arrow closely misses the frilled lizard.
The arrow barely misses the gnoll.
The frilled lizard misses you.
You shoot an arrow.
The arrow barely misses the frilled lizard.
The arrow closely misses the gnoll.
The frilled lizard barely misses you.
The gnoll hits you from afar with a +0 spear.
You shoot an arrow. The arrow hits the frilled lizard.
You kill the frilled lizard!
The gnoll hits you from afar with a +0 spear.
You shoot an arrow. The arrow hits the gnoll!
The gnoll is severely wounded.
The gnoll misses you.
You shoot an arrow. The arrow closely misses the gnoll.
The gnoll hits you from afar with a +0 spear!
The gnoll hits you from afar with a +0 spear.
You die...

######### ........#
........#######
..............# ..#####
......)......(#
......%########.......##
#.g.@..............+.
#...###...##.......#.
#... #...#######....
#... ##### ##.### #...
#..# .### ##.#### #.
##.....# # #......#
#......# .#......#
#......#


You could see a gnoll.

Vanquished Creatures
  A dart slug (D:1)
  2 ball pythons (D:1)
  2 bats (D:1)
  2 endoplasms (D:1)
  3 hobgoblins (D:1)
  2 frilled lizards (D:1)
  2 kobolds (D:1)
  3 rats (D:1)
17 creatures vanquished.

Notes
Turn   | Place    | Note
-------+----------+-------------------------------------------
     0 | D:1      | qw the Gargoyle Hunter began the quest for the Orb.
     0 | D:1      | Reached XP level 1. HP: 12/12 MP: 1/1
     0 | D:1      | 0 ||| qw: Version: 0.2-a-29-g1fa15c8
     0 | D:1      | 0 ||| qw: Game counter: 4938
     0 | D:1      | 0 ||| qw: Always use a shield: true
     0 | D:1      | 0 ||| qw: God list: Okawaru
     0 | D:1      | 0 ||| qw: Allow faded altars: false
     0 | D:1      | 0 ||| qw: Do Orc after D:15 true
     0 | D:1      | 0 ||| qw: Do second Lair branch before Depths: true
     0 | D:1      | 0 ||| qw: Lair rune preference: random
     0 | D:1      | 0 ||| qw: Plans: Normal, Zot:1-4, Slime:5, God:TSO, Crypt,
                  | Tomb, Abyss, Pan, Hells, Win
     0 | D:1      | 0 ||| PLANNING D:1-11
    16 | D:1      | 16 ||| Stepping ~*~*~tactically~*~*~ (outnumbered).
    72 | D:1      | Reached XP level 2. HP: 17/17 MP: 2/2
   438 | D:1      | Slain by a gnoll

Levels and vault maps discovered:
D:1:      dpeg_arrival_rhombus, layout_basic,
          hangedman_abyss_or_decor_lesser_grid, minmay_unequal

Action                     || total
---------------------------++-------
   Fire: Shortbow          ||    50
 Armour: Leather armour    ||     9
  Dodge: Dodged            ||    18

Table legend:
 A = Non-vault XP
 B = Vault XP
 C = Vault XP percentage of total XP
 D = Non-vault monster count
 E = Vault monster count
 F = Vault count percentage of total count
                 A         B        C        D         E       F
            +---------+---------+-------+---------+---------+-------
      Total |      18 |       9 |  33.3 |      11 |       6 |  35.3
            +---------+---------+-------+---------+---------+-------
        D:1 |      18 |       9 |  33.3 |      11 |       6 |  35.3
            +---------+---------+-------+---------+---------+-------
